Map: Cyber Forest LE

Players

Snute

  • Race: Zerg Zerg
  • Spawn Location: 11:00

Namshar - Winner!

  • Race: Zerg Zerg
  • Spawn Location: 5:00

Event: 2019 WCS Spring

VOD

Have the link to the VOD?

Description

Time

  • Played on: May 17, 2019, 10:58 a.m.
  • Length: 9:21

All games in this series

Show
View Real Time Build Order
Export as new Build Order

Snute Zerg 

Build Orders: Pool First 

Get SALT Encoding   

  12  0:00  Drone  
  13  0:11  Extractor  
  12  0:23  Spawning Pool  
  12  0:28  Drone  
  12  0:33  Drone  
  13  0:38  Drone  
  14  0:50  Overlord  
  14  1:10  Zergling x2  
  14  1:11  Zergling x4  
  16  1:13  Metabolic Boost  
  17  1:22  Zergling x2  
  18  1:33  Zergling x2  
  19  1:43  Zergling x2  
  20  1:48  Hatchery  
  19  1:54  Zergling x2  
  20  2:04  Queen  
  22  2:09  Extractor  
  22  2:10  Zergling x2  
  23  2:18  Overlord  
  22  2:37  Drone x2  
  22  2:48  Drone  
  22  2:49  Queen  
  22  3:00  Drone  
  22  3:01  Queen  
  22  3:04  Drone  
  26  3:10  Drone  
  26  3:11  Drone  
  26  3:21  Zergling x4  
  26  3:22  Zergling x2  
  26  3:24  Zergling x2  
  30  3:31  Evolution Chamber  
  29  3:35  Zergling x2  
  29  3:36  Zergling x2  
  29  3:40  Zergling x2  
  32  3:49  Overlord  
  32  3:57  Zerg Melee Weapons Level 1  
  32  4:03  Overlord  
  32  4:11  Zergling x2  
  32  4:12  Zergling x6  
  36  4:23  Zergling x8  
  40  4:28  Zergling x4  
  42  4:36  Overlord  
  42  4:37  Zergling x2  
  42  4:38  Zergling x2  
  44  4:47  Overlord  
  44  5:00  Overlord  
  44  5:04  Zergling x10  
  44  5:05  Zergling x2  
  50  5:12  Zergling x2  
  50  5:13  Zergling x4  
  49  5:24  Zergling x2  
  49  5:25  Zergling x4  
  49  5:28  Zergling x2  
  50  5:34  Drone x3  
  50  5:36  Drone  
  50  5:40  Drone  
  40  5:51  Baneling Nest  
  40  5:53  Zergling x6  
  40  5:55  Drone  
  41  6:02  Zergling x4  
  40  6:06  Drone  
  40  6:07  Drone x2  
  42  6:11  Drone x2  
  42  6:14  Drone  
  42  6:18  Drone x2  
  46  6:22  Drone  
  45  6:34  Hatchery  
  44  6:41  Zergling x6  
  44  6:47  Zergling x6  
  50  6:54  Zergling x6  
  50  6:57  Baneling x2  
  50  6:58  Baneling x2  
  50  6:59  Baneling  
  53  7:03  Zergling x6  
  53  7:06  Drone  
  53  7:07  Drone  
  58  7:10  Baneling  
  58  7:15  Zergling x8  
  62  7:29  Zergling x6  
  54  7:35  Drone x3  
  55  7:40  Roach Warren, Drone x4  
  55  7:41  Extractor  
  57  7:44  Drone  
  57  7:50  Drone  
  59  7:55  Overlord  
  58  8:10  Overlord  
  58  8:19  Overlord  
  58  8:20  Roach x9  
  58  8:25  Roach  
  78  8:29  Roach  
  78  8:30  Zergling x6  
  83  8:36  Extractor  
  83  8:37  Roach  
  84  8:41  Zergling x2  
  84  8:42  Zergling x12  
  84  8:45  Zergling x2  
  92  8:54  Overlord  
  92  8:55  Zergling x8  
  96  9:00  Baneling  
  96  9:01  Baneling x5  
  96  9:03  Zergling x2  
Show
View Real Time Build Order
Export as new Build Order

Namshar Zerg - Winner!

Build Orders: Hatch First 

Get SALT Encoding   

  12  0:00  Drone  
  13  0:12  Overlord  
  13  0:16  Drone  
  14  0:30  Drone x2  
  16  0:47  Hatchery  
  15  0:50  Drone  
  15  0:54  Drone  
  17  1:08  Spawning Pool  
  17  1:10  Extractor  
  15  1:13  Drone  
  15  1:16  Drone  
  17  1:20  Drone  
  18  1:27  Drone  
  19  1:54  Zergling x2  
  19  1:55  Zergling x2  
  19  1:58  Queen x2  
  19  1:59  Zergling x2  
  19  2:00  Zergling x2  
  27  2:06  Spine Crawler  
  26  2:10  Metabolic Boost  
  26  2:13  Zergling x2  
  24  2:24  Zergling x2  
  24  2:28  Zergling x2  
  26  2:46  Drone x4  
  27  2:57  Overlord  
  27  2:59  Drone  
  28  3:18  Drone x4  
  31  3:26  Overlord, Drone  
  32  3:28  Drone  
  32  3:29  Drone  
  34  3:38  Queen  
  34  3:39  Overlord  
  36  3:45  Zergling x2  
  36  3:46  Zergling x4  
  37  3:48  Zergling x2  
  37  3:49  Zergling x2  
  37  3:54  Zergling x2  
  37  3:55  Zergling x4  
  42  4:07  Drone x5  
  47  4:20  Hatchery  
  47  4:22  Drone  
  47  4:26  Baneling Nest  
  46  4:31  Drone  
  46  4:32  Drone  
  46  4:38  Overlord, Drone  
  48  4:39  Drone  
  50  4:50  Roach Warren, Drone x2  
  50  4:51  Extractor, Drone  
  51  4:55  Zergling x2  
  51  4:58  Zergling x6  
  52  5:07  Evolution Chamber  
  52  5:08  Evolution Chamber  
  52  5:12  Evolution Chamber, Zergling x8  
  53  5:18  Zergling x4  
  52  5:26  Baneling x2  
  52  5:27  Baneling  
  49  5:28  Baneling  
  49  5:30  Zergling x6  
  49  5:34  Zergling x2  
  53  5:37  Queen  
  53  5:40  Zergling x4  
  48  5:56  Zergling x4  
  46  6:03  Zerg Missile Weapons Level 1  
  45  6:06  Zergling x6  
  45  6:10  Baneling  
  47  6:11  Baneling  
  47  6:20  Drone x6  
  52  6:37  Lair  
  52  6:38  Drone x3  
  54  6:40  Extractor  
  54  6:41  Drone  
  54  6:44  Overlord, Drone x3  
  54  6:45  Overlord  
  54  6:46  Baneling  
  57  6:47  Hatchery  
  56  6:58  Roach  
  58  7:04  Roach x6  
  70  7:16  Baneling x2  
  70  7:28  Roach x2  
  70  7:29  Roach  
  67  7:43  Roach x3, Overlord  
  67  7:44  Glial Reconstitution, Overlord  
  72  7:48  Roach x2  
  76  7:53  Overlord  
  76  8:03  Overlord x2, Queen  
  78  8:08  Drone x6  
  78  8:12  Overlord  
  84  8:13  Drone x2  
  84  8:18  Zergling x4  
  84  8:19  Overseer  
  88  8:21  Overseer  
  88  8:23  Overlord  
  88  8:25  Drone x2  
  90  8:29  Zergling x2  
  90  8:30  Zergling x2  
  92  8:34  Roach x2  
  96  8:43  Roach x4  
  96  8:44  Roach  
  106  8:51  Overlord x2  
  106  8:52  Roach  
  106  8:53  Baneling x4  
  108  9:00  Roach x2  
Tags
 
Add a new tag
Caveats
  • Supply blocks, unpowered buildings, or Contaminate may cause inaccurate times.
  • Supply counts are checked every 10 seconds.